 Dungeon Crawl Stone Soup version 0.29-a0-993-g4a18f31a58 (webtiles) character file.

Game seed: 12808411580525013019

415 vurker the Ruffian (level 6, -16/33 HPs)
             Began as a Vine Stalker Fighter on Aug 2, 2022.
             Demolished by Pikel
             ... wielding a +1 whip of electrocution
              (19 damage)
             ... on level 3 of the Dungeon.
             The game lasted 00:04:59 (2957 turns).

vurker the Ruffian (Vine Stalker Fighter)           Turns: 2957, Time: 00:05:00

Health: -16/33     AC:  7    Str: 20    XL:     6   Next: 92%
Magic:  0/7        EV:  5    Int:  8    God:
Gold:   160        SH: 14    Dex: 14    Spells: 5/5 levels left

rFire   . . .      SeeInvis .     - Unarmed
rCold   . . .      Faith    .   x - +1 tower shield
rNeg    . . .      Spirit   +   a - +0 scale mail
rPois   .          Reflect  .   p - +0 helmet
rElec   .          Harm     .   (no cloak)
rCorr   .          Rampage  .   (no gloves)
Will    .....                   (no boots)
Stlth   ..........              (no amulet)
HPRegen 0.91/turn               n - ring of flight
MPRegen 0.10/turn               (no ring)

@: flying
A: fangs 2, regeneration 1, magic shield, antimagic bite, no potion heal 2
a: no special abilities


You were on level 3 of the Dungeon.
You visited 1 branch of the dungeon, and saw 4 of its levels.

You collected 160 gold pieces.

Inventory:

Missiles
 k - 2 throwing nets (quivered)
Armour
 a - a +0 scale mail (worn)
 p - a +0 helmet (worn)
   (You found it on level 2 of the Dungeon)
 x - a +1 tower shield (worn)
   (You found it on level 2 of the Dungeon)
Jewellery
 n - a ring of flight (left hand)
   (You found it on level 2 of the Dungeon)
Scrolls
 d - 3 scrolls of enchant armour
 g - a scroll of butterflies
 j - a scroll of poison
 m - a scroll of amnesia
 w - a scroll of fear
Potions
 c - a potion of might
 e - 4 potions of curing
 h - a potion of magic {unknown}
 i - 2 potions of brilliance {unknown}
 l - a potion of berserk rage {unknown}
 o - a potion of flight {unknown}
 q - 2 potions of attraction {unknown}
 s - a potion of resistance
 u - a potion of lignification {unknown}
 v - 2 potions of mutation
 z - a potion of haste {unknown}


   Skills:
 + Level 4.2 Fighting
 - Level 2.4 Armour
 + Level 3.6 Shields
 * Level 5.4 Unarmed Combat


You had 5 spell levels left.
You didn't know any spells.
Your spell library was empty.

Dungeon Overview and Level Annotations

Branches:
Dungeon (4/15)
 Temple: D:4-7

Altars:
Ru

Annotations:
D:3 Pikel


Innate Abilities, Weirdness & Mutations

You have extremely sharp teeth.
Your natural rate of healing is unusually fast.
When hurt, damage is shared between your health and your magic reserves.
Your bite disrupts and absorbs the magic of your enemies.
Potions cannot restore your health.


Message History

No target in view!
No target in view!
No target in view!
No target in view!
No target in view!
No target in view!
No target in view!
No target in view!
No target in view!
No target in view!
No target in view!
You start resting.
You start resting.
You fly downwards.
Level annotation: Pikel You block Pikel's attack. x2
There is a stone staircase leading up, spattered with blood here.
Pikel hits you with a +1 whip of electrocution.
You fly upwards.
There is a stone staircase leading down, spattered with blood here.
You miss Pikel. You block Pikel's attack.
You closely miss Pikel. You bite Pikel, but do no damage.
You block Pikel's attack.
You barely miss Pikel. You bite Pikel, but do no damage.
Pikel hits you with a +1 whip of electrocution. x2
You closely miss Pikel.
Pikel hits you with a +1 whip of electrocution.
You closely miss Pikel. Your bite misses Pikel. You block Pikel's attack.
You barely miss Pikel. Your bite misses Pikel.
Pikel hits you with a +1 whip of electrocution.
You hit Pikel. You bite Pikel, but do no damage. You block Pikel's attack.
Pikel hits you but does no damage.
You hit Pikel.
Pikel cracks his whip.
Pikel hits you but does no damage.
You punch Pikel! You bite Pikel. You drain his power.
You feel invigorated.
Pikel hits you with a +1 whip of electrocution.
You closely miss Pikel.
Pikel hits you with a +1 whip of electrocution.
You are electrocuted!
* * * LOW HITPOINT WARNING * * *
You barely miss Pikel. You bite Pikel, but do no damage.
Pikel barely misses you. You block Pikel's attack.
You hit Pikel. Your bite misses Pikel. You block Pikel's attack.
You hit Pikel.
Pikel hits you with a +1 whip of electrocution!
* * * LOW HITPOINT WARNING * * *
You are electrocuted!!
Ouch! That really hurt!
You die...

.#.#
#####.#####...### #.
†#.#
#........###########.
.#.#
#.###.##.............
.#.# #.#
#.###############
.#.# #.# #.#
##.##########.# #.#
##...........)# #.#
..###############)#
...............K@.#
..#################
###


You could see Pikel.

Vanquished Creatures
  Sigmund (D:3)
  A lemure (D:3)
  2 jellies
  Robin (D:3)
  4 gnolls (D:2)
  3 adders (D:3)
  4 worms
  2 dart slugs
  An orc (D:3)
  11 endoplasms
  5 giant cockroaches
  13 goblins
  8 hobgoblins
  2 quokkas (D:1)
  11 ball pythons
  4 bats
  2 frilled lizards (D:3)
  5 kobolds
  5 rats
85 creatures vanquished.

Vanquished Creatures (others)
  2 plants (D:3)
2 creatures vanquished.

Grand Total: 87 creatures vanquished

Notes
Turn   | Place    | Note
-------+----------+-------------------------------------------
     0 | D:1      | vurker the Vine Stalker Fighter began the quest for the
                  | Orb.
     0 | D:1      | Reached XP level 1. HP: 11/11 MP: 2/2
     0 | D:1      | Noticed a troll
     0 | D:1      | Noticed a demigod
     1 | D:1      | Noticed an ogre
     2 | D:1      | Noticed a gargoyle
     4 | D:1      | Noticed a formicid
     8 | D:1      | Noticed a demonspawn
     9 | D:1      | Noticed an ogre
    11 | D:1      | Noticed a demonspawn
    13 | D:1      | Noticed a barachi
    13 | D:1      | Noticed an elf
    17 | D:1      | Noticed a ghoul
    17 | D:1      | Noticed a draconian
    17 | D:1      | Noticed a spriggan
    19 | D:1      | Noticed a troll
    19 | D:1      | Noticed a naga
    21 | D:1      | Noticed a merfolk
   407 | D:1      | Reached XP level 2. HP: 14/16 MP: 3/3
   765 | D:1      | Reached skill level 3 in Unarmed Combat
   790 | D:1      | Reached XP level 3. HP: 20/20 MP: 4/4
  1169 | D:2      | Gained mutation: Your natural rate of healing is unusually
                  | fast. [Vine Stalker growth]
  1169 | D:2      | Reached XP level 4. HP: 24/24 MP: 5/5
  1827 | D:3      | Found a faded altar of an unknown god.
  1925 | D:3      | Noticed Sigmund
  1934 | D:3      | Killed Sigmund
  1935 | D:3      | Reached skill level 4 in Unarmed Combat
  1935 | D:3      | Reached XP level 5. HP: 28/29 MP: 6/6
  1935 | D:3      | Reached XP level 6. HP: 32/33 MP: 7/7
  2036 | D:3      | Noticed Robin
  2052 | D:3      | Reached skill level 5 in Unarmed Combat
  2137 | D:3      | Killed Robin
  2540 | D:3      | Found a sacrificial altar of Ru.
  2902 | D:4      | Noticed Pikel
  2957 | D:3      | Demolished by Pikel

Illustrated notes

Levels and vault maps discovered:
D:1:      shiori_arrival_whats_in_store_for_you, layout_basic
D:2:      layout_basic, minivault_24
D:3:      minmay_bubble_buster, layout_loops_ring, nicolae_ru_path_of_blood,
          hellmonk_ecumenical_altar_prayer_group, minmay_shallow_snake_nest,
          uniq_sigmund, uniq_robin
D:4:      layout_rooms, grunt_temple_overflow_champion_of_chaos, tgw_sif,
          uniq_pikel

Skill      XL: |  1  2  3  4  5  6 |
---------------+-------------------+-----
Fighting       | 3 4 |  4.2
Unarmed Combat | 3 4 5 |  5.4
Shields        | 3 |  3.6
Armour         | |  2.4

Action                   |  1- 3 |  4- 6 || total
-------------------------+-------+-------++-------
Melee: Unarmed           |    72 |   190 ||   262
       Bite              |    14 |    51 ||    65
  Use: Scroll            |       |    13 ||    13
       Potion            |       |     1 ||     1
Armor: Scale mail        |    14 |    88 ||   102
Dodge: Dodged            |    25 |    31 ||    56
Block: Buckler           |    11 |     5 ||    16
       Tower shield      |       |   136 ||   136

Table legend: (Time is in decaauts)
 A = Elapsed time spent in this place.
 B = Non-inter-level travel time spent in this place.
 C = Inter-level travel time spent in this place.
 D = Time resting spent in this place.
 E = Time spent auto-exploring this place.
 F = Levels seen in this place.
 G = Mean time per level.
                   A        B        C        D        E       F      G
               +--------+--------+--------+--------+--------+-----+--------+
         Total |   3006 |   2905 |    101 |    200 |   2006 |   4 |  751.5 |
       Dungeon |   3006 |   2905 |    101 |    200 |   2006 |   4 |  751.5 |
               +--------+--------+--------+--------+--------+-----+--------+

Top non-repeatable levels by time:
     D:3: 1124 daAuts
     D:1: 1047 daAuts
     D:2: 770 daAuts
     D:4: 64 daAuts
